cohdb
Replays
Latest Replays
All Replays
Popular Replays
Top Player Replays
Match Explorer
How It Works
Community
CoH3 Stats
Reddit
Sign in to upload your games and track your stats! →
Sign in with Steam
Match 19771490
Unlisted
Match 19771490
Overview
Messages
Build Orders
End
Panzergrenadier Squad
Selects Italian Infantry
Kradschützen Motorcycle Team
Panzergrenadier Squad
Construct Light Support Kompanie
MG34 Team
2.5-tonne Medical Truck
Panzerjäger Squad
Fire Support Elements
Flakvierling Half-track
Assault Mechanized Group
Panzerjäger Squad
Selects Defensive Operations
Selects Prepared Positions
Panzerjäger Squad
Selects Guastatori Squad
Selects Registered Artillery
Construct Mechanized Kompanie
Assault Mechanized Group
Flakvierling Half-track
Selects Obice 305mm Barrage
Registered Artillery
Marder III Tank Destroyer
Combat Half-tracks
le.IG 18 Support Gun Team
Assault Mechanized Group
AI Takeover
Y//Y\\Y
MonoChrome
0
0
Comments
sign in to comment!
No comments posted yet!